 Dungeon Crawl Stone Soup version 0.31.0-11-ge490571c62 (webtiles) character file.

Game seed: 3764175441236673702

3893 qw the Nimble (level 10, -3/45 (49) HPs)
             Began as a Spriggan Hunter on Feb 3, 2024.
             Slain by a wight
             ... wielding a +0 spear
              (7 damage)
             ... on level 7 of the Dungeon.
             The game lasted 00:00:31 (5533 turns).

qw the Nimble (Spriggan Hunter)                     Turns: 5533, Time: 00:00:31

HP:   -3/45 (49)    AC:  3    Str:  7    XL:     10   Next: 0%
MP:   11/11         EV: 29    Int: 10    God:
Gold: 276           SH:  5    Dex: 24    Spells: 9/9 levels left

rFire   + . .        k - +0 orcbow
rCold   . . .        (shield currently unavailable)
rNeg    . . .        c - +0 robe
rPois   .            (helmet restricted)
rElec   .            n - +0 cloak
rCorr   .            (gloves unavailable)
SInv    +            (boots unavailable)
Will    +....        b - amulet of reflection
Stlth   ++           e - ring of protection from fire
HPRegen 0.27/turn    (no ring)
MPRegen 0.12/turn

%: reflection
@: about to teleport, drained, very quick
A: very small, no large weapons, unfitting armour, see invisible, speed 3
a: no special abilities


You were on level 7 of the Dungeon.
You visited 2 branches of the dungeon, and saw 8 of its levels.
You also visited: Sewer.

You collected 276 gold pieces.


Innate Abilities, Weirdness & Mutations

You are very small and have problems with some larger weapons.
You are too small for most types of armour.
You have supernaturally acute eyesight. (SInv)
You cover ground extremely quickly. (Speed+++)


   Skills:
 - Level 4.0 Fighting
 + Level 11.1 Ranged Weapons
 - Level 12.0 Dodging
 - Level 1.5 Stealth


You had 9 spell levels left.
You didn't know any spells.
Your spell library was empty.

Inventory:

Hand Weapons
 k - a +0 orcbow (weapon)
Armour
 c - a +0 robe (worn)
 n - a +0 cloak (worn)
Jewellery
 b - an amulet of reflection (around neck)
 e - a ring of protection from fire (left hand)
Wands
 a - a wand of digging (2)
 d - a wand of iceblast (2)
Potions
 f - 3 potions of curing
 g - a potion of haste
 h - a potion of enlightenment
 j - a potion of might
 l - a potion of heal wounds {unknown}

Dungeon Overview and Level Annotations

Branches:
Dungeon (7/15)             Temple (1/1) D:7           Sewer (visited)

Altars:
Ashenzari
Dithmenos
Elyvilon
Fedhas
Gozag
Hepliaklqana
Kikubaaqudgha
Makhleb
Nemelex Xobeh
Qazlal
Ru
Sif Muna
Trog
Uskayaw
Vehumet
Wu Jian
Xom
Yredelemnul
Zin
The Shining One

Shops:
D:1 (?=*

Annotations:
D:3 1 runed translucent door, Crazy Yiuf


Message History

3 wights come into view.
You shoot an arrow. The arrow hits the wight.
The wight is lightly damaged.
You shoot an arrow. The arrow closely misses the wight.
The wight hits you with a +5 hand axe!
You feel drained.
You shoot an arrow. The arrow hits the wight.
The wight is moderately damaged.
The wight closely misses you.
You shoot an arrow. The arrow closely misses the wight.
You block the wight's attack.
You shoot an arrow. The arrow closely misses the wight.
You shoot an arrow.
The arrow hits the wight but does no damage.
The wight is moderately damaged.
The wight barely misses you. The wight misses you.
You shoot an arrow. The arrow barely misses the wight.
The wight hits you from afar with a +0 spear.
The wight completely misses you. The wight misses you.
You shoot an arrow. The arrow hits the wight!
The wight is almost destroyed.
The wight closely misses you. The wight completely misses you.
The wight barely misses you.
You shoot an arrow. The arrow barely misses the wight.
The wight hits you from afar with a +0 spear.
You feel drained. The wight completely misses you.
The wight hits you with a +2 long sword!
You feel drained.
You shoot an arrow.
The arrow hits the wight but does no damage.
The wight is almost destroyed.
The wight closely misses you. You block the wight's attack.
The wight closely misses you.
You shoot an arrow. The arrow closely misses the wight.
The wight completely misses you. The wight hits you with a +5 hand axe!
You block the wight's attack.
5533 ||| READING scroll of teleportation.
As you read the scroll of teleportation, it crumbles to dust.
You feel strangely unstable.
The wight hits you from afar with a +0 spear!
You die...

#.##.#.....##
#.##.##.....#.#
#.......##..#.#
#####.#.##..#.#
#.#.##..#.#
#.#.##..#.#
#.#.##..#z#
#.#.#####z#
#.#.)...@z#
#.######### #..


You could see 3 wights.

Vanquished Creatures
  Pikel (D:7)
  Maurice (D:7)
  Grinder (D:5)
  Sigmund (D:5)
  Edmund (D:4)
  A water moccasin (D:7)
  Pargi (Sewer)
  An ice beast (D:5)
  2 sky beasts
  2 black bears
  3 ogres
  A centaur (D:7)
  3 phantoms
  2 lemures (D:7)
  A brain worm (Sewer)
  A scorpion (D:6)
  6 wights
  A howler monkey (D:5)
  A centaur zombie (D:5)
  2 jellies
  7 hounds
  2 orc priests (D:7)
  3 iguanas
  3 orc wizards (D:6)
  4 scorpion zombies (D:5)
  A gnoll (D:1)
  A river rat (D:6)
  7 adders
  2 shadow imps
  2 white imps (D:7)
  4 ufetubi
  An adder zombie (D:5)
  4 ribbon worms
  21 orcs
  14 ball pythons
  2 bats
  16 endoplasms
  2 giant cockroaches
  7 goblins
  9 hobgoblins
  10 jackals
  5 kobolds
  4 quokkas
  5 frilled lizards (Sewer)
  26 rats
195 creatures vanquished.

Notes
Turn   | Place    | Note
-------+----------+-------------------------------------------
     0 | D:1      | qw the Spriggan Hunter began the quest for the Orb.
     0 | D:1      | Reached XP level 1. HP: 10/10 MP: 2/2
     0 | D:1      | 0 ||| qw: Version: 0.3-a-158-g18b3111
     0 | D:1      | 0 ||| qw: Game counter: 4068
     0 | D:1      | 0 ||| qw: Melee chars always use a shield: true
     0 | D:1      | 0 ||| qw: God list: Okawaru
     0 | D:1      | 0 ||| qw: Allow faded altars: false
     0 | D:1      | 0 ||| qw: Do Orc after clearing Dungeon:15 true
     0 | D:1      | 0 ||| qw: Do second Lair branch before Depths: true
     0 | D:1      | 0 ||| qw: Lair rune preference: random
     0 | D:1      | 0 ||| qw: Goals: Normal
     0 | D:1      | 0 ||| PLANNING D:1-11
    38 | D:1      | Reached skill level 3 in Dodging
    56 | D:1      | Found Hugygo's Antique Weapon Shop.
    68 | D:1      | 68 ||| RETREEEEATING.
    70 | D:1      | Reached XP level 2. HP: 14/14 MP: 3/3
    74 | D:1      | Reached skill level 4 in Dodging
    78 | D:1      | 78 ||| SHOPLISTING arbalest (99 gold, have 0).
   123 | D:1      | Found Fep Tyg's Jewellery Boutique.
   163 | D:1      | 163 ||| SHOPLISTING +6 ring of dexterity (432 gold, have
                  | 0).
   163 | D:1      | 163 ||| SHOPLISTING amulet of faith (480 gold, have 0).
   163 | D:1      | 163 ||| SHOPLISTING amulet of guardian spirit (360 gold,
                  | have 0).
   163 | D:1      | 163 ||| SHOPLISTING amulet of the acrobat (360 gold, have
                  | 0).
   163 | D:1      | 163 ||| SHOPLISTING ring of protection from fire (300 gold,
                  | have 0).
   163 | D:1      | 163 ||| SHOPLISTING ring of willpower (300 gold, have 0).
   183 | D:1      | Found Curoanki's Magic Scroll Emporium.
   190 | D:1      | 190 ||| SHOPLISTING scroll of identify (26 gold, have 1).
   190 | D:1      | 190 ||| SHOPLISTING scroll of teleportation (39 gold, have
                  | 1).
   205 | D:1      | Found Joeshrun's General Store.
   211 | D:1      | 211 ||| SHOPLISTING potion of haste (140 gold, have 1).
   211 | D:1      | 211 ||| SHOPLISTING scroll of identify (28 gold, have 1).
   216 | D:1      | Reached XP level 3. HP: 18/18 MP: 4/4
   604 | D:1      | 604 ||| READING 3 scrolls labelled HERGHU UHUWIL.
   605 | D:1      | 605 ||| READING scroll labelled YZXIUR ACYSY.
   606 | D:1      | 606 ||| READING scroll labelled QEGUD HAATULANG.
   641 | D:1      | 641 ||| DROPPING scroll of butterflies.
   642 | D:1      | 642 ||| DROPPING 2 scrolls of fear.
  1165 | D:2      | Reached XP level 4. HP: 22/22 MP: 5/5
  1314 | D:2      | Reached skill level 5 in Dodging
  1629 | D:2      | 1629 ||| READING scroll labelled XUPPEDGH FILOBEJUC.
  1630 | D:2      | 1630 ||| READING 2 scrolls labelled GUHO JAYRI.
  1630 | D:2      | 1630 ||| ENCHANTING +0 shortbow.
  1631 | D:2      | 1631 ||| READING scroll of enchant weapon.
  1631 | D:2      | 1631 ||| ENCHANTING +1 shortbow.
  1632 | D:2      | 1632 ||| READING scroll labelled TAS KIRUTZI.
  1633 | D:2      | 1633 ||| READING scroll labelled HOAQIWIU ZEIW.
  1633 | D:2      | 1633 ||| IDENTIFYING smoky sapphire potion
  1634 | D:2      | 1634 ||| DRINKING 3 viscous black potions.
  1635 | D:2      | 1635 ||| DROPPING potion of degeneration.
  2190 | D:3      | Found a runed translucent door.
  2191 | D:3      | Noticed Crazy Yiuf
  2477 | D:3      | 2477 ||| UPGRADING to amulet of reflection.
  2482 | D:3      | 2482 ||| READING scroll of identify.
  2482 | D:3      | 2482 ||| IDENTIFYING black potion
  2483 | D:3      | 2483 ||| READING scroll labelled WECULA OKKUAGG.
  2488 | D:3      | Reached XP level 5. HP: 26/26 MP: 6/6
  2547 | D:3      | 2547 ||| READING scroll labelled MALUAS GAEKK.
  2548 | D:3      | 2548 ||| READING scroll labelled BEDIXOWUIG.
  2550 | D:3      | 2550 ||| Stepping ~*~*~tactically~*~*~ (cloud).
  2689 | D:4      | Noticed an ogre
  2690 | D:4      | Noticed a phantom
  2691 | D:4      | 2691 ||| RETREEEEATING.
  2694 | D:4      | 2694 ||| RETREEEEATING.
  2696 | D:4      | 2696 ||| ZAPPING wand of iceblast (11) at 2,-5 (ogre;
                  | floor).
  2696 | D:4      | Killed an ogre
  2697 | D:4      | Reached skill level 6 in Ranged Weapons
  2697 | D:4      | 2697 ||| ZAPPING wand of iceblast (10) at 2,-5 (phantom;
                  | floor).
  2707 | D:4      | 2707 ||| ZAPPING wand of iceblast (9) at 4,0 (floor).
  2708 | D:4      | 2708 ||| ZAPPING wand of iceblast (8) at 3,0 (floor).
  2708 | D:4      | Killed a phantom
  2709 | D:4      | Reached XP level 6. HP: 30/30 MP: 7/7
  2725 | D:4      | Reached skill level 6 in Dodging
  2946 | D:4      | Identified the +5 hand axe of Gravity {vamp, Will+}
  3000 | D:4      | Noticed Edmund
  3002 | D:4      | 3002 ||| ZAPPING wand of iceblast (7) at -4,2 (Edmund;
                  | floor).
  3003 | D:4      | 3003 ||| ZAPPING wand of iceblast (6) at -3,1 (Edmund;
                  | floor).
  3004 | D:4      | 3004 ||| ZAPPING wand of iceblast (5) at -2,0 (Edmund;
                  | floor).
  3010 | D:4      | Killed Edmund
  3205 | D:4      | 3205 ||| DROPPING ring of flight.
  3206 | D:4      | 3206 ||| READING scroll labelled ARHOTO ESEL.
  3206 | D:4      | 3206 ||| BRANDING +2 shortbow.
  3207 | D:4      | 3207 ||| READING scroll labelled NIESULYARR.
  3207 | D:4      | 3207 ||| ENCHANTING +2 shortbow of electrocution.
  3239 | D:4      | Reached XP level 7. HP: 35/35 MP: 8/8
  3253 | D:5      | Entered Level 5 of the Dungeon
  3262 | D:5      | Reached skill level 7 in Dodging
  3391 | D:5      | Noticed Grinder
  3402 | D:5      | Killed Grinder
  3403 | D:5      | Reached XP level 8. HP: 32/39 MP: 9/9
  3532 | D:5      | Reached skill level 8 in Dodging
  3534 | D:5      | Noticed Sigmund
  3537 | D:5      | 3537 ||| ZAPPING wand of iceblast (4) at -5,2 (Sigmund;
                  | floor).
  3538 | D:5      | 3538 ||| ZAPPING wand of iceblast (3) at -4,1 (Sigmund;
                  | floor).
  3538 | D:5      | Killed Sigmund
  3539 | D:5      | Reached skill level 3 in Fighting
  3579 | D:5      | Found a basalt altar of Yredelemnul.
  3594 | D:5      | Reached skill level 9 in Ranged Weapons
  3859 | D:5      | 3859 ||| READING scroll of identify.
  3859 | D:5      | 3859 ||| IDENTIFYING viscous puce potion
  3860 | D:5      | 3860 ||| DRINKING 3 puce potions.
  3861 | D:5      | 3861 ||| DROPPING 2 potions of brilliance.
  3862 | D:5      | 3862 ||| DROPPING potion of attraction.
  3890 | D:6      | 3890 ||| PLANNING SEWER
  3907 | D:6      | Reached skill level 9 in Dodging
  3976 | D:6      | Found a burning altar of Makhleb.
  3977 | D:6      | Found a hazy altar of Hepliaklqana.
  3983 | D:6      | Found a sacrificial altar of Ru.
  3983 | D:6      | Found a broken altar of Ashenzari.
  3983 | D:6      | Found an ancient bone altar of Kikubaaqudgha.
  3985 | D:6      | Found an opulent altar of Gozag.
  3985 | D:6      | Found a hide-covered altar of Uskayaw.
  3986 | D:6      | Found a white marble altar of Elyvilon.
  4151 | D:6      | Reached XP level 9. HP: 44/44 MP: 10/10
  4245 | D:6      | Reached skill level 10 in Dodging
  4458 | D:6      | Found a glowing drain.
  4459 | D:6      | 4459 ||| UPGRADING to ring of protection from fire.
  4460 | D:6      | 4460 ||| READING 2 scrolls of identify.
  4460 | D:6      | 4460 ||| IDENTIFYING murky clear potion
  4461 | D:6      | 4461 ||| READING scroll of identify.
  4461 | D:6      | 4461 ||| IDENTIFYING murky emerald potion
  4462 | D:6      | 4462 ||| DROPPING potion of magic.
  4463 | D:6      | 4463 ||| DROPPING wand of flame (12).
  4467 | Sewer    | Entered a sewer
  4485 | Sewer    | Noticed Pargi
  4490 | Sewer    | Killed Pargi
  4524 | Sewer    | 4524 ||| READING scroll of enchant weapon.
  4524 | Sewer    | 4524 ||| ENCHANTING +2 shortbow of electrocution.
  4600 | Sewer    | 4600 ||| READING scroll labelled ZUEROR HIEL.
  4620 | D:6      | 4620 ||| PLANNING D:1-11
  4885 | D:7      | Reached skill level 11 in Dodging
  4908 | D:7      | 4908 ||| SWAPPING to +0 orcbow.
  4909 | D:7      | 4909 ||| DROPPING +3 shortbow of electrocution.
  4933 | D:7      | 4933 ||| FLEEEEING.
  4934 | D:7      | 4934 ||| FLEEEEING.
  4935 | D:7      | 4935 ||| FLEEEEING.
  4936 | D:7      | 4936 ||| FLEEEEING.
  5121 | D:7      | Noticed Maurice
  5122 | D:7      | 5122 ||| DRINKING 3 potions of haste.
  5132 | D:7      | Maurice stole 265 gold
  5147 | D:7      | 5147 ||| FLEEEEING.
  5148 | D:7      | 5148 ||| FLEEEEING.
  5149 | D:7      | 5149 ||| FLEEEEING.
  5168 | D:7      | Killed Maurice
  5327 | D:7      | Found a staircase to the Ecumenical Temple.
  5328 | D:7      | 5328 ||| PLANNING TEMPLE
  5328 | D:7      | 5328 ||| UPGRADING to +0 cloak.
  5333 | D:7      | 5333 ||| READING scroll of identify.
  5333 | D:7      | 5333 ||| IDENTIFYING sedimented blue potion
  5339 | D:7      | Noticed Pikel
  5340 | D:7      | 5340 ||| RETREEEEATING.
  5348 | D:7      | 5348 ||| DRINKING 2 potions of haste.
  5363 | D:7      | Killed Pikel
  5364 | D:7      | Reached skill level 12 in Dodging
  5432 | Temple   | Entered the Ecumenical Temple
  5433 | Temple   | 5433 ||| PLANNING D:1-11
  5517 | D:7      | Reached XP level 10. HP: 49/49 MP: 11/11
  5532 | D:7      | HP: 3/45 [wight/+5 hand axe (13)]
  5533 | D:7      | 5533 ||| READING scroll of teleportation.
  5533 | D:7      | Slain by a wight

Levels and vault maps discovered:
D:1:      minmay_arrival_four_houses, layout_loops_ring, serial_shops, shop,
          nicolae_lakefront_shop, shop, shop
D:2:      layout_basic, minmay_rat_hole
D:3:      layout_basic, minmay_box_of_dots, uniq_crazy_yiuf_cottage
D:4:      layout_gridville, minmay_misc_feat_diagonals, uniq_edmund
D:5:      layout_gridville, nicolae_yredelemnul_corpse_copse, uniq_grinder,
          uniq_sigmund
D:6:      layout_basic, grunt_temple_overflow_open, gup_sewer_entry_spiral
D:7:      layout_basic, minmay_temple_entry_sparse_star, uniq_maurice,
          uniq_pikel
Temple:   nicolae_temple_bog_church

Skill      XL: |  1  2  3  4  5  6  7  8  9 |
---------------+----------------------------+-----
Dodging        | 3 4 5 6 7 9 12 | 12.0
Ranged Weapons | 5 6 7 8 10 11 | 11.1
Fighting       | 2 3 4 |  4.0
Stealth        | |  1.5

Action                     |  1- 3 |  4- 6 |  7- 9 | 10-12 || total
---------------------------+-------+-------+-------+-------++-------
   Fire: Shortbow          |    99 |   146 |   252 |       ||   497
         Orcbow            |       |       |    96 |    11 ||   107
  Evoke: Wand              |       |     7 |     2 |       ||     9
    Use: Scroll            |     3 |    11 |     6 |     1 ||    21
         Potion            |       |     1 |     3 |       ||     4
 Armour: Robe              |    10 |    14 |    29 |     6 ||    59
  Dodge: Dodged            |    33 |    44 |    67 |    12 ||   156
  Block: Other             |       |     5 |    21 |     3 ||    29
         Reflection        |       |       |     3 |       ||     3

Table legend:
 A = Non-vault XP
 B = Vault XP
 C = Vault XP percentage of total XP
 D = Non-vault monster count
 E = Vault monster count
 F = Vault count percentage of total count
                 A         B        C        D         E       F
            +---------+---------+-------+---------+---------+-------
      Total |    3221 |    2341 |  42.1 |     144 |      49 |  25.4
            +---------+---------+-------+---------+---------+-------
        D:1 |      54 |       0 |   0.0 |      23 |       0 |   0.0
        D:2 |      69 |      20 |  22.5 |      24 |      19 |  44.2
        D:3 |      51 |       3 |   5.6 |      14 |       2 |  12.5
        D:4 |     406 |     164 |  28.8 |      26 |       1 |   3.7
        D:5 |     688 |     684 |  49.9 |      12 |       8 |  40.0
        D:6 |    1221 |      37 |   2.9 |      28 |       5 |  15.2
        D:7 |     732 |    1183 |  61.8 |      17 |       2 |  10.5
      Sewer |       0 |     250 | 100.0 |       0 |      12 | 100.0
            +---------+---------+-------+---------+---------+-------
